 Dungeon Crawl Stone Soup version 0.24.1-5-g77f818bfca (webtiles) character file.

Game seed: 13696576819211324707, levelgen mode: deterministic

35 Atelerd the Sneak (level 3, 0/23 HPs)
             Began as an Octopode Wizard on Apr 23, 2020.
             Succumbed to an adder's poison
             ... on level 2 of the Dungeon.
             The game lasted 00:01:42 (2143 turns).

Atelerd the Sneak (Octopode Wizard)                 Turns: 2143, Time: 00:01:42

Health: 0/23       AC:  1    Str: 10 (11) XL:     3   Next: 33%
Magic:  7/7        EV: 13    Int: 18 (21) God:
Gold:   77         SH:  0    Dex:  7 (10) Spells: 7/8 levels left

rFire    . . .     SeeInvis .   g - +0 dagger (curse)
rCold    . . .     Gourm    .   (no shield)
rNeg     . . .     Faith    .   a - +0 hat
rPois    .         Spirit   .   (no amulet)
rElec    .         Reflect  .   e - ring of stealth
rCorr    .         Harm     .   (no ring)
MR       .....                  (no ring)
Stlth    ++++......             (no ring)
HPRegen  0.07/turn              (no ring)
MPRegen  0.10/turn              (no ring)
                                (no ring)
                                (no ring)

@: mighty, lethally poisoned (0 -> -9), very slightly contaminated
A: almost no armour, stealthy swim, amphibious, 8 rings, constrict 8, camouflage
1, gelatinous body 1
a: no special abilities


You were on level 2 of the Dungeon.
You were near starving.

You visited 1 branch of the dungeon, and saw 2 of its levels.

You collected 77 gold pieces.

Inventory:

Hand Weapons
 g - a cursed +0 dagger (weapon)
Armour
 a - a +0 hat (worn)
Jewellery
 e - a ring of stealth (left tentacle)
Scrolls
 d - 2 scrolls of fog {unknown}
 f - a scroll of fear {unknown}
 h - 2 scrolls of remove curse {unknown}
 k - a scroll of teleportation {unknown}
Comestibles
 c - 3 rations


   Skills:
 + Level 1.0 Fighting
 + Level 2.3 Dodging
 + Level 3.3 Stealth
 + Level 3.1 Spellcasting
 * Level 1.9 Conjurations
   Level 1.0 Summonings
   Level 1.0 Translocations


You had 7 spell levels left.
You knew the following spells:

 Your Spells              Type           Power        Failure   Level  Hunger
a - Magic Dart            Conj           #...         8%          1    None

Your spell library contained the following spells:

 Spells                   Type           Power        Failure   Level  Hunger
 Blink                    Tloc           N/A          16%         2    ##.....
 Call Imp                 Summ           #.......     16%         2    ##.....
 Slow                     Hex            #.......     24%         2    ##.....
 Conjure Flame            Conj/Fire      #.......     32%         3    ###....
 Mephitic Cloud           Conj/Pois/Air  #.......     36%         3    ###....


Dungeon Overview and Level Annotations

Branches:
Dungeon (2/15)

Altars:


Innate Abilities, Weirdness & Mutations

You cannot wear most types of armour.
You are very stealthy in the water. (Stealth+)
You are amphibious.
You can wear up to eight rings at the same time.
You can use your tentacles to constrict eight enemies at once.
Your skin changes colour to match your surroundings (Stealth+).
Your rubbery body absorbs attacks. (AC +1, EV +1)


Message History

* * * LOW HITPOINT WARNING * * *
Casting: Magic Dart (safe; 6% risk of failure)
Confirm with . or Enter, or press ? or * to list all spells.
Aiming: Magic Dart (safe; 6% risk of failure)
Press: ? - help, Shift-Dir - straight line, f/p - adder
Aim: an adder (almost dead, constricted by you)
The magic dart hits the adder.
You kill the adder!
Your Fighting skill increases to level 1!
* * * LOW HITPOINT WARNING * * *
You feel sick.
It was a potion of degeneration.
There was something very wrong with that liquid.
You feel weakened.
You feel dopey.
You feel clumsy.
* * * LOW HITPOINT WARNING * * *
You feel sick.
It was a potion of might.
You feel very mighty all of a sudden.
It was a potion of magic.
Magic courses through your body.
You die...

#.# .# ##.#####..
..!.......
#.........
#.........
#.........
########.........
#........@#
#.........##
#.........[#
#.......##.#
#.......# ...
#.......# ....r
#.......##......
#........#......
#......<.#.#.###


There were no monsters in sight!

Vanquished Creatures
  An adder (D:2)
  A dart slug (D:1)
  A leopard gecko (D:1)
  3 goblins (D:1)
  6 hobgoblins (D:1)
  2 jackals (D:1)
  3 frilled lizards (D:1)
  5 rats (D:1)
22 creatures vanquished.

Notes
Turn   | Place    | Note
-------+----------+-------------------------------------------
     0 | D:1      | Atelerd the Octopode Wizard began the quest for the Orb.
     0 | D:1      | Reached XP level 1. HP: 11/11 MP: 4/4
   795 | D:1      | Reached XP level 2. HP: 18/18 MP: 3/6
  1738 | D:1      | Reached XP level 3. HP: 22/22 MP: 7/7
  2140 | D:2      | Reached skill level 1 in Fighting
  2141 | D:2      | HP: 1/23 [poisoned by an adder]
  2143 | D:2      | Succumbed to an adder's poison

Levels and vault maps discovered:
D:1:      evilmike_arrival_hilbert_curve, layout_basic, grunt_decor_arrowhead
D:2:      layout_rooms, kennysheep_generic_room_13

Skill      XL: |  1  2  3 |
---------------+----------+-----
Stealth        | 3 |  3.3
Fighting       | 1 |  1.0
Dodging        | |  2.3
Spellcasting   | |  3.1
Conjurations   | |  1.9
Summonings     | |  1.0
Translocations | |  1.0

Action                   || total
-------------------------++-------
Melee: Unarmed           ||    39
       Constrict         ||    11
       Tentacles         ||     8
       Dagger            ||     8
 Cast: Magic Dart        ||    20
  Use: Potion            ||     3
 Stab: Sleeping          ||     6
  Eat: Chunk             ||     2
Armor: Skin              ||     2
Dodge: Dodged            ||    28
